Map: Submarino EE

Players

NeemeSiS - Winner!

  • Race: Terran Terran
  • League: Gold
  • Spawn Location: 5:00

MrFercho

  • Race: Zerg Zerg
  • League: Silver
  • Spawn Location: 11:00

VOD

Have the link to the VOD?

Description

Time

  • Played on: July 11, 2020, 10:55 p.m.
  • Length: 26:20
Show
View Real Time Build Order
Export as new Build Order

NeemeSiS Terran - Winner!

Build Orders: 2 Factory, Gas First Reaper Expand, Mech 

Get SALT Encoding   

  12  0:04  SCV  
  13  0:17  SCV  
  13  0:19  Supply Depot  
  14  0:29  SCV, Refinery  
  15  0:42  SCV  
  16  0:49  Barracks  
  16  0:54  SCV  
  17  1:06  SCV  
  18  1:18  SCV  
  20  1:37  Orbital Command  
  19  1:40  Reaper  
  20  1:51  Command Center  
  20  2:08  Factory  
  20  2:09  Refinery  
  20  2:20  Barracks Tech Lab  
  20  2:22  SCV  
  21  2:34  SCV  
  22  2:50  SCV  
  23  3:00  Factory  
  23  3:02  SCV  
  24  3:07  Orbital Command  
  24  3:14  SCV  
  24  3:18  Infernal Pre-Igniter  
  25  3:22  Hellion  
  25  3:24  Barracks Reactor  
  25  3:27  SCV  
  28  3:28  Refinery  
  28  3:32  Supply Depot  
  28  3:39  SCV  
  29  3:43  Hellion  
  29  3:44  Factory  
  29  3:45  SCV  
  32  3:50  Factory Tech Lab  
  32  3:59  Starport  
  32  4:00  SCV x2  
  34  4:03  Refinery  
  34  4:12  SCV x2  
  34  4:13  Supply Depot  
  36  4:18  Supply Depot  
  37  4:24  SCV  
  37  4:42  Siege Tank  
  37  4:45  Command Center  
  40  4:48  Factory Tech Lab  
  40  4:52  Starport Reactor  
  40  4:54  SCV  
  40  4:55  SCV  
  42  5:14  Siege Tank  
  42  5:19  Widow Mine  
  42  5:20  Widow Mine  
  49  5:23  Siege Tank  
  52  5:29  Supply Depot  
  52  5:33  Supply Depot, Liberator  
  55  5:38  Liberator  
  58  5:46  Siege Tank  
  61  5:51  Hellion x2  
  61  5:55  Barracks Tech Lab  
  65  6:20  Orbital Command  
  65  6:21  SCV  
  65  6:22  SCV  
  67  6:34  SCV x2  
  69  6:46  SCV x2  
  71  6:53  Hellion x2  
  75  6:57  Armory  
  75  6:58  SCV x2  
  75  7:00  Supply Depot  
  77  7:02  Armory, Supply Depot  
  77  7:10  SCV x2  
  77  7:14  Hellion  
  77  7:15  Hellion  
  83  7:27  Widow Mine  
  83  7:29  Medivac x2  
  89  7:33  Supply Depot  
  89  7:34  Supply Depot  
  89  7:36  Hellion x2  
  93  7:48  Widow Mine  
  93  7:51  Orbital Command  
  95  7:55  Factory  
  95  7:56  Supply Depot  
  95  7:58  Hellion x2  
  96  8:00  Siege Tank  
  96  8:02  Medivac x2  
  100  8:09  SCV x2  
  102  8:21  SCV x2  
  104  8:33  SCV x2  
  106  8:35  Supply Depot  
  106  8:36  Supply Depot x2  
  106  8:37  Supply Depot  
  106  8:45  SCV x2  
  108  8:55  Hellion x2  
  112  8:57  SCV  
  112  8:58  SCV, Supply Depot  
  77  9:16  Hellion x2, Siege Tank  
  78  9:28  Supply Depot  
  78  9:29  Supply Depot  
  78  9:31  Supply Depot  
  78  9:37  Engineering Bay  
  78  9:38  Hellion x2  
  82  9:48  Siege Tank  
  82  9:49  Marine  
  82  9:51  Supply Depot  
  86  9:54  Supply Depot  
  86  9:59  Hellion x2  
  90  10:06  Marine  
  91  10:08  Terran Vehicle And Ship Armor Level 1  
  91  10:15  Supply Depot, Medivac x2  
  91  10:17  Supply Depot, Factory Tech Lab  
  91  10:20  Siege Tank  
  98  10:24  Marine  
  98  10:25  Terran Ship Weapons Level 1  
  97  10:42  Marine  
  98  10:52  Siege Tank  
  93  11:00  Marine  
  93  11:02  Hellion x2  
  93  11:03  Siege Tank  
  101  11:05  Liberator  
  101  11:06  Liberator  
  101  11:10  Terran Infantry Weapons Level 1  
  107  11:23  Hellion x2  
  107  11:25  Siege Tank  
  114  11:35  Siege Tank  
  117  11:51  Refinery x2, Sensor Tower  
  117  11:54  Command Center  
  117  11:57  Siege Tank  
  117  11:59  Drilling Claws  
  117  12:01  Widow Mine x2  
  124  12:07  Siege Tank  
  127  12:22  Widow Mine x2  
  131  12:28  Missile Turret  
  131  12:29  Siege Tank  
  134  12:33  Missile Turret  
  134  12:35  Missile Turret  
  134  12:39  Siege Tank  
  134  12:43  Widow Mine x2  
  141  12:48  Missile Turret  
  141  12:53  Missile Turret, Siege Tank  
  141  12:54  Missile Turret  
  144  13:01  Siege Tank  
  144  13:04  Factory  
  144  13:05  Widow Mine x2, Factory  
  151  13:07  Missile Turret  
  151  13:08  Factory  
  151  13:09  Missile Turret  
  151  13:11  Siege Tank  
  151  13:12  Missile Turret x2  
  154  13:25  Siege Tank  
  157  13:29  Missile Turret  
  157  13:33  Siege Tank  
  160  13:43  Siege Tank  
  163  13:49  Missile Turret  
  130  14:08  Missile Turret  
  116  14:23  Hellion x3  
  116  14:24  Hellion x2  
  126  14:41  Orbital Command  
  126  14:44  Hellion  
  126  14:45  Hellion x4  
  110  15:06  Hellion x2, Siege Tank x3  
  113  15:07  Factory Tech Lab  
  113  15:09  Factory Tech Lab x2  
  113  15:13  Terran Ship Weapons Level 2  
  113  15:15  Terran Vehicle And Ship Armor Level 2  
  113  15:20  Supply Depot  
  113  15:21  Supply Depot  
  113  15:22  Supply Depot  
  113  15:38  Siege Tank x3  
  122  16:10  Siege Tank x2  
  114  16:19  Siege Tank  
  117  16:29  Thor  
  117  16:30  Thor  
  129  16:42  Siege Tank x2  
  135  16:51  Siege Tank  
  138  17:17  Refinery  
  138  17:22  Orbital Command  
  138  17:42  Thor x3  
  138  17:43  Refinery  
  144  18:59  Command Center  
  144  19:08  Hellion x5  
  144  19:09  Hellion x3  
  130  19:29  Hellion x2  
  130  19:30  Hellion x6  
  146  19:51  Hellion x6  
  158  19:54  Thor  
  158  19:55  Thor  
  170  20:09  Refinery  
  170  20:10  Liberator  
  170  20:11  Liberator  
  170  20:12  Thor x4  
  170  20:13  Refinery  
  200  20:14  Terran Ship Weapons Level 3  
  200  20:17  Terran Vehicle Weapons Level 1  
  200  20:45  Command Center  
  172  21:28  Siege Tank x5  
  172  21:29  Siege Tank  
  166  22:00  Siege Tank x4  
  166  22:01  Siege Tank  
  181  22:27  Liberator x2  
  187  22:35  Orbital Command  
  187  22:42  Command Center  
  187  22:52  Thor x2  
  156  23:28  Viking x2  
  122  23:54  Starport  
  122  23:58  Viking x2, Starport  
  122  24:00  Starport  
  108  24:27  Viking  
  108  24:28  Viking  
  103  24:43  Viking x3  
  103  24:57  Viking  
  103  24:58  Viking  
  91  25:05  Thor  
  86  25:13  Viking x3  
  92  25:27  Viking  
  92  25:28  Viking, Planetary Fortress  
  96  25:43  Viking  
  102  26:02  Starport Reactor x2  
  102  26:13  Supply Depot  
Show
View Real Time Build Order
Export as new Build Order

MrFercho Zerg 

Build Orders: Hatch First 

Get SALT Encoding   

  12  0:03  Drone  
  13  0:16  Overlord  
  13  0:17  Drone  
  14  0:34  Drone x2  
  16  0:53  Hatchery, Drone  
  16  0:58  Drone  
  16  1:01  Drone  
  18  1:07  Extractor  
  17  1:16  Spawning Pool  
  17  1:18  Drone  
  17  1:21  Drone  
  18  1:32  Drone  
  19  1:42  Drone  
  20  1:53  Overlord  
  20  2:04  Drone  
  20  2:05  Queen x2  
  20  2:07  Overlord  
  25  2:15  Drone  
  26  2:16  Drone  
  26  2:21  Metabolic Boost  
  27  2:32  Drone x2  
  27  2:36  Drone  
  30  2:47  Queen, Drone x2  
  34  2:55  Drone  
  35  3:14  Drone x3, Baneling Nest  
  35  3:15  Drone  
  35  3:17  Evolution Chamber  
  37  3:25  Drone  
  37  3:26  Drone x4  
  42  3:27  Zergling x4  
  44  3:42  Overlord  
  44  3:43  Overlord  
  44  3:45  Zerg Melee Weapons Level 1  
  44  3:50  Extractor  
  44  3:53  Extractor  
  42  3:57  Zergling x2  
  42  3:58  Zergling x2  
  44  4:03  Lair  
  44  4:22  Evolution Chamber  
  43  4:28  Roach Warren  
  42  4:34  Zergling x4  
  42  4:35  Zergling x8  
  47  4:53  Overlord  
  47  4:55  Drone x2  
  47  4:57  Drone  
  50  5:02  Baneling x3  
  50  5:03  Baneling x4  
  50  5:15  Drone x3  
  50  5:16  Drone x2  
  55  5:25  Hatchery  
  54  5:37  Hatchery  
  54  5:39  Drone x2  
  56  5:42  Drone  
  56  5:43  Drone x3  
  56  5:47  Extractor  
  58  5:54  Zergling x4  
  58  5:55  Zergling x6  
  63  5:59  Zerg Melee Weapons Level 2, Zerg Ground Armor Level 1  
  63  6:20  Hydralisk Den  
  62  6:27  Overlord x5  
  62  6:28  Overlord  
  62  6:48  Zergling x24  
  63  7:13  Spore Crawler  
  61  7:16  Spore Crawler  
  53  7:34  Spore Crawler  
  46  7:37  Spore Crawler  
  42  7:58  Hydralisk x10  
  42  7:59  Hydralisk x4  
  70  8:17  Drone  
  70  8:18  Drone x3  
  74  8:31  Drone x3  
  50  9:19  Drone x10  
  50  9:20  Drone x5  
  64  9:46  Zerg Missile Weapons Level 1  
  62  9:57  Overseer  
  62  10:04  Drone x6  
  62  10:05  Drone x10  
  76  10:30  Zergling x2  
  76  10:31  Zergling x20  
  87  10:38  Muscular Augments  
  87  10:39  Infestation Pit  
  74  10:59  Extractor  
  73  11:04  Zergling x4  
  73  11:05  Zergling x18  
  84  11:14  Centrifical Hooks  
  84  11:30  Overlord x3  
  84  11:33  Zergling x16  
  92  11:47  Hive  
  92  11:49  Grooved Spines  
  92  12:03  Drone x9  
  101  12:25  Drone  
  101  12:26  Drone x6  
  108  12:30  Extractor  
  108  12:31  Extractor  
  108  12:33  Zerg Ground Armor Level 2  
  108  12:34  Zerg Missile Weapons Level 2  
  106  12:47  Spine Crawler, Spore Crawler  
  104  12:53  Baneling x14  
  104  12:54  Baneling  
  104  12:57  Zergling x14  
  111  13:05  Adrenal Glands  
  111  13:21  Spine Crawler  
  111  13:24  Hydralisk x4  
  118  13:35  Drone x2  
  118  13:36  Drone  
  121  13:56  Hatchery  
  77  14:12  Zergling x22  
  77  14:13  Zergling x26  
  93  14:25  Lurker Den  
  93  14:28  Spire  
  91  14:37  Spine Crawler  
  90  14:45  Spine Crawler  
  65  15:06  Zergling x16  
  65  15:07  Zergling x8  
  77  15:11  Drone x3  
  77  15:12  Queen  
  82  15:22  Queen  
  84  15:30  Seismic Spines  
  84  15:37  Drone  
  84  15:38  Drone x12  
  84  15:42  Baneling x14  
  97  15:54  Zerg Ground Armor Level 3  
  97  15:59  Zerg Melee Weapons Level 3  
  85  16:18  Drone x7  
  84  16:19  Drone x7  
  97  16:27  Adaptive Talons  
  97  16:30  Hydralisk x4  
  105  16:35  Extractor  
  105  16:37  Extractor  
  103  17:03  Lurker x2  
  103  17:04  Lurker x6  
  110  17:16  Spore Crawler, Drone x2  
  110  17:17  Drone  
  110  17:18  Drone x3  
  115  17:34  Zergling x24  
  115  17:35  Zergling x12  
  133  17:37  Overlord x5  
  133  17:38  Overlord  
  131  18:02  Hatchery  
  130  18:14  Drone x15  
  121  18:42  Zergling x4  
  121  18:43  Zergling x22  
  134  18:58  Hydralisk x7  
  116  19:38  Zerg Missile Weapons Level 3  
  116  19:48  Hydralisk x5  
  116  19:49  Hydralisk x9  
  144  20:18  Zergling x16  
  144  20:19  Zergling x2, Extractor  
  144  20:20  Extractor  
  151  20:25  Greater Spire  
  151  20:31  Zergling x2  
  151  20:32  Zergling x16, Extractor  
  151  20:34  Extractor  
  157  20:56  Pneumatized Carapace  
  157  21:05  Baneling x14  
  157  21:06  Baneling x7  
  157  21:07  Zergling x10  
  157  21:08  Zergling x26  
  83  21:42  Corruptor x3  
  83  21:43  Corruptor x12  
  111  21:57  Zerg Flyer Weapons Level 1  
  102  22:18  Brood Lord x2  
  102  22:19  Brood Lord x13  
  102  22:21  Zergling x26  
  102  22:22  Zergling x14  
  143  22:43  Drone x3  
  146  22:50  Hatchery  
  145  22:52  Zergling x16  
  152  23:07  Overseer  
  121  23:24  Zergling x10  
  121  23:25  Zergling x10  
  108  24:22  Hatchery  
  107  24:29  Hatchery  
  106  24:42  Mutalisk  
  52  25:14  Zergling x10  
  52  25:15  Zergling x6  
  58  25:46  Spore Crawler  
Tags
 
Add a new tag
Caveats
  • Supply blocks, unpowered buildings, or Contaminate may cause inaccurate times.
  • Supply counts are checked every 10 seconds.